 Dungeon Crawl Stone Soup version 0.29.1-13-g9f3cf754e1 (webtiles) character file.

Game seed: 14411816372732447101

3752 H0rd4k the Martial Artist (level 10, -3/74 HPs)
             Began as an Octopode Artificer on Jan 24, 2023.
             Was an Initiate of Gozag.
             Slain by a gnoll sergeant
             ... wielding a +0 halberd
              (7 damage)
             ... in a bailey.
             The game lasted 00:15:40 (10896 turns).

H0rd4k the Martial Artist (Octopode Artificer)     Turns: 10896, Time: 00:15:42

Health: -3/74      AC:  1    Str:  8 (11) XL:     10   Next: 15%
Magic:  18/18      EV: 13    Int: 16 (17) God:    Gozag
Gold:   693        SH:  0    Dex: 13 (14) Spells: 9/20 levels left

rFire   . . .      SeeInvis +     - Unarmed
rCold   . . .      Faith    .   (no shield)
rNeg    . . .      Spirit   .   (helmet restricted)
rPois   +          Reflect  .   (no amulet)
rElec   .          Harm     .   q - ring of see invisible
rCorr   .          Rampage  .   h - ring of wizardry
Will    .....                   (no ring)
Stlth   ++++......              (no ring)
HPRegen 0.22/turn               (no ring)
MPRegen 0.16/turn               (no ring)
                                (no ring)
                                (no ring)

@: gold aura, studying Stealth
A: almost no armour, amphibious, 8 rings, camouflage 1, gelatinous body 1,
nimble swimmer 1, tentacles, poison resistance, robust 1, screaming 1
a: Renounce Religion, Potion Petition, Call Merchant, Bribe Branch


You were in a bailey.
You worshipped Gozag.
Gozag was pleased with you.
You visited 2 branches of the dungeon, and saw 9 of its levels.
You also visited: Sewer and Bailey.

You collected 812 gold pieces.
You paid 119 gold pieces to Gozag.

Inventory:

Missiles
 j - 29 poisoned darts (quivered)
 r - 3 throwing nets
Jewellery
 h - a ring of wizardry (right tentacle)
 q - a ring of see invisible (left tentacle)
 v - the ring "Alocseet" {Fly rN+ Int+4 Slay-5}
   (You found it on level 5 of the Dungeon)

   [ring of positive energy]

   Int:       It affects your intelligence (+4).
   Slay:      It affects your accuracy & damage with ranged weapons and melee
   (-5).
   rN:        It protects you from negative energy.
   Fly:       It grants you flight.
Wands
 b - a wand of mindburst (2)
 d - a wand of iceblast (1)
 s - a wand of acid (6)
 x - a wand of flame (39)
Scrolls
 a - a scroll of magic mapping
 e - 3 scrolls of noise
 f - 7 scrolls of teleportation
 g - 2 scrolls of blinking
 k - a scroll of torment
 o - a scroll of amnesia
 p - a scroll of fear
 u - a scroll of vulnerability
 y - 2 scrolls of butterflies
 A - a scroll of brand weapon
 C - a scroll of enchant armour
Potions
 c - a potion of haste
 l - a potion of magic
 m - 2 potions of flight
 n - a potion of cancellation
 t - 2 potions of degeneration
 w - a potion of might
 B - a potion of lignification {unknown}


   Skills:
 + Level 6.0 Fighting
 + Level 4.0 Throwing
 - Level 2.3 Dodging
 - Level 1.3 Stealth
 - Level 9.9 Unarmed Combat
 * Level 5.8 Spellcasting
 * Level 2.3 Summonings
 - Level 3.2 Evocations


You had 9 spell levels left.
You knew the following spells:

 Your Spells              Type           Power      Damage    Failure   Level
a - Summon Forest         Summ/Tloc      4%         N/A       65%         5
b - Summon Cactus Giant   Summ           6%         N/A       96%         6

Your spell library contained the following spells:

 Spells                   Type           Power      Damage    Failure   Level
 Sandblast                Erth           8%         2d5       6%          1
 Shock                    Conj/Air       16%        1d4       6%          1
 Passwall                 Tmut/Erth      3%         N/A       9%          2
 Sublimation of Blood     Necr           4%         N/A       9%          2
 Wereblood                Tmut           4%         N/A       9%          2
 Stone Arrow              Conj/Erth      8%         3d7       16%         3
 Summon Mana Viper        Hex/Summ       8%         N/A       65%         5
 Summon Hydra             Summ           6%         N/A       100%        7


Dungeon Overview and Level Annotations

Branches:
Dungeon (8/15)             Temple (1/1) D:6           Sewer (visited)
 Bailey (1/1)
   Lair: D:8-11

Altars:
Ashenzari
Cheibriados
Elyvilon
Gozag
Kikubaaqudgha
Makhleb
Nemelex Xobeh
Qazlal
Ru
Sif Muna
Trog
Uskayaw
Vehumet
Wu Jian
Yredelemnul
Zin
The Shining One

Shops:
D:1 *?[!(   D:5 :

Annotations:
D:6 3 runed translucent doors, exclusion: 3 doors, vvl's ghost, novice DsFi
D:7 exclusions: downstairs and 1 more exclusion
D:8 Joseph


Innate Abilities, Weirdness & Mutations

You cannot wear most types of armour.
You are amphibious.
You can wear up to eight rings at the same time.
Your skin changes colour to match your surroundings (Stealth+).
Your rubbery body absorbs attacks. (AC +1, EV +1)
You are camouflaged when in or above water. (Stealth+)
You have tentacles for arms and can constrict up to eight enemies at once.
Your system is resistant to poisons. (rPois)
You are robust. (+10% HP)
You occasionally shout uncontrollably at your foes.


Message History

The gnoll sergeant barely misses you.
Things that are here:
a +0 halberd; a +0 plate armour You tentacle-slap the gnoll sergeant but do no damage.
You grab the gnoll sergeant.
The gnoll sergeant is heavily wounded.
You constrict the gnoll sergeant, but do no damage.
The gnoll sergeant closely misses you.
You tentacle-slap the gnoll sergeant but do no damage.
The gnoll sergeant is heavily wounded.
You constrict the gnoll sergeant, but do no damage.
The gnoll sergeant barely misses you.
You tentacle-slap the gnoll sergeant but do no damage.
You squeeze the gnoll sergeant, but do no damage.
The gnoll sergeant is heavily wounded.
You constrict the gnoll sergeant.
A gnoll comes into view.
It is wielding a +0 spear and wearing a +3 chain mail of poison resistance.
The gnoll shouts!
You tentacle-slap the gnoll sergeant.
You tentacle-slap the gnoll sergeant, but do no damage.
The gnoll sergeant is severely wounded.
You constrict the gnoll sergeant, but do no damage.
You hear a shout!
The gnoll sergeant hits you with a +0 halberd.
* * * LOW HITPOINT WARNING * * *
You hear a howl!
A gnoll sergeant comes into view. It is wielding a +0 glaive.
You tentacle-slap the gnoll sergeant but do no damage.
The gnoll sergeant is severely wounded.
You constrict the gnoll sergeant, but do no damage.
The gnoll sergeant hits you with a +0 halberd!
* * * LOW HITPOINT WARNING * * *
Unknown command.
You release your grip on the gnoll sergeant.
The gnoll sergeant attacks as you move away!
The gnoll sergeant closely misses you.
Your attacks no longer feel as feeble.
The gnoll sergeant hits you from afar with a +0 halberd!
You die...
Your body crumbles into a pile of gold.

♣♣♣♣♣♣♣♣♣♣♣♣♣
♣♣≈≈≈≈≈≈≈≈≈≈≈≈
♣≈≈....g......
♣≈..$g........
♣≈$g#####...##
♣≈)## .# ♣@##
♣≈# ♣≈# ♣≈#
♣≈# ♣≈# ♣≈# $
$ ♣≈# ♣≈#


You could see a gnoll sergeant (swift) and a gnoll (swift).

Vanquished Creatures
  Maggie (D:6)
  Prince Ribbit (D:5)
  Sigmund (D:4)
  A yak (D:7)
  A water moccasin (D:7)
  2 ice beasts
  3 black bears
  A sky beast (D:6)
  2 wolves (Bailey)
  4 ogres
  4 kobold brigands
  A bullfrog (D:6)
  A gnoll sergeant (Bailey)
  3 wights (D:8)
  3 jellies
  3 howler monkeys
  7 hounds
  3 gnoll boudas
  4 orc priests (D:7)
  Ijyb (D:3)
  3 iguanas
  Natasha (thrice) (D:2)
  An orc wizard (D:7)
  9 adders
  4 gnolls
  2 river rats (Sewer)
  A shadow imp (D:7)
  2 white imps (D:6)
  7 worms
  2 dart slugs
  11 orcs
  4 bats
  12 endoplasms
  7 giant cockroaches
  8 goblins
  5 hobgoblins
  2 jackals (D:2)
  15 kobolds
  8 quokkas
  12 ball pythons
  3 frilled lizards
  6 rats
174 creatures vanquished.

Vanquished Creatures (collateral kills)
  A hound (D:5)
  A gnoll (D:5)
  2 adders
  A white imp (D:6)
  A goblin (D:4)
6 creatures vanquished.

Vanquished Creatures (others)
  A water moccasin (D:5)
  A human (D:7)
  2 bullfrogs
  A scorpion (D:6)
  3 gnolls (D:5)
  A plant (D:1)
9 creatures vanquished.

Grand Total: 189 creatures vanquished

Notes
Turn   | Place    | Note
-------+----------+-------------------------------------------
     0 | D:1      | H0rd4k the Octopode Artificer began the quest for the Orb.
     0 | D:1      | Reached XP level 1. HP: 13/13 MP: 1/1
   133 | D:1      | Found Fuits's Magic Scroll Boutique.
   151 | D:1      | Found Ceburel's Distillery.
   165 | D:1      | Found Ebittiogui's Antique Weapon Shop.
   219 | D:1      | Found Kusarir's Armour Shoppe.
   231 | D:1      | Found a faded altar of an unknown god.
   253 | D:1      | Got Plato's Treatise on Vapour
   340 | D:1      | Reached XP level 2. HP: 14/18 MP: 2/2
   606 | D:1      | Found Mavoel's General Store.
   796 | D:1      | Reached skill level 1 in Spellcasting
  1197 | D:2      | Reached XP level 3. HP: 20/24 MP: 4/4
  1348 | D:2      | Reached skill level 1 in Unarmed Combat
  2461 | D:2      | Reached XP level 4. HP: 29/29 MP: 6/6
  2465 | D:2      | Noticed Natasha
  2468 | D:2      | Killed Natasha
  2469 | D:2      | Reached skill level 2 in Unarmed Combat
  2560 | D:2      | Noticed Natasha
  2569 | D:2      | Killed Natasha
  2575 | D:2      | Noticed Natasha
  2799 | D:2      | Killed Natasha
  2800 | D:2      | Reached XP level 5. HP: 36/36 MP: 6/8
  3260 | D:3      | Found a radiant altar of Vehumet.
  3489 | D:3      | Noticed Ijyb
  3492 | D:3      | Killed Ijyb
  3493 | D:3      | Reached skill level 3 in Unarmed Combat
  4032 | D:4      | Noticed an ice beast
  4037 | D:4      | Reached XP level 6. HP: 30/42 MP: 9/9
  4161 | D:4      | Noticed Sigmund
  4167 | D:4      | Killed Sigmund
  4168 | D:4      | Reached skill level 1 in Throwing
  4168 | D:4      | Reached skill level 4 in Unarmed Combat
  4249 | D:4      | Killed an ice beast
  4250 | D:4      | Reached XP level 7. HP: 40/46 MP: 11/11
  4324 | D:4      | Reached skill level 5 in Unarmed Combat
  4616 | D:5      | Entered Level 5 of the Dungeon
  4650 | D:5      | Found Asmuatam's Book Boutique.
  5011 | D:5      | Identified the ring "Alocseet" {Fly rN+ Int+4 Slay-5}
  5079 | D:5      | Reached skill level 6 in Unarmed Combat
  5079 | D:5      | Reached XP level 8. HP: 19/54 MP: 13/13
  5090 | D:5      | Noticed Prince Ribbit
  5106 | D:5      | Killed Prince Ribbit
  5301 | D:5      | Reached skill level 7 in Unarmed Combat
  6044 | D:5      | Found an ornate altar of the Wu Jian Council.
  6330 | D:6      | Found a runed translucent gate.
  6331 | D:6      | Found a runed translucent gate.
  6332 | D:6      | Found a runed translucent gate.
  6402 | D:6      | Found a glowing drain.
  6419 | Sewer    | Entered a sewer
  7077 | Sewer    | Reached skill level 8 in Unarmed Combat
  7330 | D:6      | Noticed Maggie
  7333 | D:6      | Reached XP level 9. HP: 41/60 MP: 15/15
  7341 | D:6      | Killed Maggie
  7342 | D:6      | Reached skill level 5 in Fighting
  7343 | D:6      | Found a staircase to the Ecumenical Temple.
  7350 | D:6      | Noticed vvl's ghost (novice DsFi)
  7360 | Temple   | Entered the Ecumenical Temple
  7572 | Temple   | Became a worshipper of Gozag Ym Sagoz the Greedy
  7960 | D:6      | Reached skill level 9 in Unarmed Combat
  8140 | D:7      | Found an ancient bone altar of Kikubaaqudgha.
  8448 | D:7      | Reached skill level 5 in Spellcasting
  8454 | D:7      | Gained mutation: You are robust. (+10% HP) [potion of
                  | mutation]
  8454 | D:7      | Gained mutation: You occasionally shout uncontrollably at
                  | your foes. [potion of mutation]
  8454 | D:7      | Gained mutation: Your system is resistant to poisons.
                  | (rPois) [potion of mutation]
  8456 | D:7      | HP: 5/100 [poisoned by a water moccasin]
  9981 | D:7      | Learned a level 5 spell: Summon Forest
 10004 | D:8      | Noticed Joseph
 10151 | D:8      | Reached skill level 1 in Summonings
 10151 | D:8      | Reached XP level 10. HP: 64/74 MP: 18/18
 10162 | D:8      | Found a flagged portal.
 10283 | D:8      | HP: 1/73 [slime creature (15)]
 10289 | Bailey   | Entered a bailey
 10647 | Bailey   | Learned a level 6 spell: Summon Cactus Giant
 10896 | Bailey   | Slain by a gnoll sergeant

Illustrated notes

Levels and vault maps discovered:
D:1:      dpeg_arrival_pits, layout_basic, shapermc_ecumenical_altar_rom_forum,
          serial_shops, shop, nicolae_shop_hallway_plus, shop, shop_coins,
          nicolae_shop_advertising_works [nicolae_subvault_shop_adworks]
D:2:      layout_basic, minmay_hexomino_p4, uniq_natasha
D:3:      layout_basic, mainiacjoe_overflow_boulevard,
          dreamdust_princess_bridge, uniq_ijyb
D:4:      layout_cave_pools, minmay_manual_mess, uniq_sigmund
D:5:      layout_basic, overflow_temple_1_default, serial_shops,
          nicolae_shop_waterfront, chequers_serial_rivers_micro_b,
          uniq_prince_ribbit1
D:6:      layout_rooms, minmay_temple_entry_junction, gammafunk_ghost_split,
          gup_sewer_entry_pipe, uniq_maggie
D:7:      layout_gridville, tgw_kikubaaqudgha, hellmonk_guarded_unrand_night
D:8:      layout_cave_pools, gammafunk_temple_overflow_elements, special_room
          [special_room_orc], enter_bailey_8, worms_lemuel, uniq_joseph
Temple:   eino_temple_water
Bailey:   bailey_polearm_gnolls_kennysheep, bailey

Skill      XL: |  1  2  3  4  5  6  7  8  9 10 |
---------------+-------------------------------+-----
Spellcasting   | 1 2 3 4 5 |  5.8
Fighting       | 2 3 4 5 6 |  6.0
Unarmed Combat | 1 2 3 4 6 8 9 |  9.9
Throwing       | 1 2 3 4 |  4.0
Summonings     | 1 2 |  2.3
Dodging        | |  2.3
Stealth        | |  1.3
Evocations     | |  3.2

Action                   |  1- 3 |  4- 6 |  7- 9 | 10-12 || total
-------------------------+-------+-------+-------+-------++-------
Melee: Unarmed           |    96 |    60 |   237 |    34 ||   427
       Constrict         |    22 |    16 |    59 |     7 ||   104
       Tentacles         |    20 |    17 |    60 |    15 ||   112
       Punch             |     3 |     1 |    17 |     4 ||    25
Throw: Dart              |     3 |     7 |    23 |       ||    33
       Throwing net      |       |       |     1 |       ||     1
Evoke: Wand              |       |    16 |    39 |     4 ||    59
  Use: Scroll            |       |       |    14 |     3 ||    17
       Potion            |       |       |     7 |     1 ||     8
 Stab: Sleeping          |     6 |     7 |    12 |       ||    25
       Distracted        |       |     1 |     1 |       ||     2
Armor: Skin              |    11 |     4 |    12 |     1 ||    28
Dodge: Dodged            |    46 |    17 |   137 |    26 ||   226
